 Dungeon Crawl Stone Soup version 0.30.0 (webtiles) character file.

Game seed: 8861852279936874480

132 gothro the Slasher (level 5, -1/47 HPs)
             Began as a Gnoll Cinder Acolyte on Dec 6, 2023.
             Was a High Priest of Ignis.
             Slain by a hobgoblin (5 damage)
             ... led by Robin
             ... on level 4 of the Dungeon.
             The game lasted 00:21:16 (3194 turns).

gothro the Slasher (Gnoll Cinder Acolyte)           Turns: 3194, Time: 00:21:16

Health: -1/47      AC:  8    Str: 13    XL:     5   Next: 15%
Magic:  9/9        EV:  6    Int: 13    God:    Ignis [*****.]
Gold:   128        SH:  0    Dex: 10    Spells: 10/10 levels left

rFire   + . .        a - -1 falchion (flame)
rCold   . . .        (no shield)
rNeg    . . .        z - +0 chain mail
rPois   .            (no helmet)
rElec   .            (no cloak)
rCorr   .            (no gloves)
SInv    .            (no boots)
Will    .....        (no amulet) Stlth
                     (no ring)
HPRegen 0.27/turn    (no ring)
MPRegen 0.11/turn

%: no passive effects
@: no status effects
A: fangs 1, strong nose, distributed training
a: Renounce Religion, Fiery Armour, Foxfire Swarm, Rising Flame


You were on level 4 of the Dungeon.
You worshipped Ignis.
Ignis was extremely pleased with you.
You visited 1 branch of the dungeon, and saw 4 of its levels.

You collected 128 gold pieces.

Inventory:

Hand Weapons
 a - a -1 falchion of flaming (weapon)
 d - a +0 dagger
 h - a +0 club
 j - a +0 dagger
 m - a +4 dagger of venom
 p - a +0 dagger
 r - a +0 dagger
 s - a +0 short sword
 u - a +0 dagger
 w - a +0 club
 x - a +0 club
 y - a +0 dagger
 B - a +0 dagger
 F - a +0 dagger of venom
 J - a +0 spear
Missiles
 q - 16 stones
 D - 5 poisoned darts
Armour
 b - a +0 robe
 f - a +0 robe
 g - a +0 ring mail
 l - a +0 scale mail
 z - a +0 chain mail (worn)
 C - a +0 ring mail
 G - a +0 leather armour
Jewellery
 o - a ring of poison resistance
Wands
 n - a wand of flame (21) (quivered)
Scrolls
 c - 2 scrolls of torment {unknown}
 e - 2 scrolls of identify {unknown}
 i - a scroll of immolation {unknown}
 k - a scroll of fog {unknown}
 t - a scroll of poison {unknown}
 v - a scroll of brand weapon {unknown}
 E - a scroll of enchant weapon {unknown}
 H - a scroll of magic mapping {unknown}
Potions
 A - a potion of attraction {unknown}
 I - a potion of might {unknown}


   Skills:
 + Level 6.7 Fighting
 + Level 1.4 Short Blades
 + Level 6.7 Long Blades
 + Level 1.4 Axes
 + Level 1.4 Maces & Flails
 + Level 1.4 Polearms
 + Level 1.4 Staves
 + Level 1.4 Ranged Weapons
 + Level 1.4 Throwing
 + Level 1.4 Armour
 + Level 1.4 Dodging
 + Level 1.4 Stealth
 + Level 1.4 Shields
 + Level 1.4 Unarmed Combat
 + Level 3.1 Spellcasting
 + Level 1.1 Conjurations
 + Level 1.1 Hexes
 + Level 1.1 Summonings
 + Level 1.1 Necromancy
 + Level 1.1 Translocations
 + Level 1.1 Transmutations
 + Level 5.5 Fire Magic
 + Level 1.1 Ice Magic
 + Level 1.1 Air Magic
 + Level 1.1 Earth Magic
 + Level 1.1 Poison Magic
 + Level 1.6 Invocations
 + Level 1.4 Evocations


You had 10 spell levels left.
You didn't know any spells.
Your spell library contained the following spells:

 Spells                   Type           Power      Damage    Failure   Level
 Scorch                   Fire           32%        2d6       58%         2
 Animate Dead             Necr           5%         N/A       100%        4
 Haunt                    Necr/Summ      2%         N/A       100%        7
 Infestation              Necr           2%         N/A       100%        8


Dungeon Overview and Level Annotations

Branches:
Dungeon (4/15)
 Temple: D:4-7

Altars:
Makhleb
Ru

Annotations:
D:4 Robin


Innate Abilities, Weirdness & Mutations

You have very sharp teeth.
Your uncanny sense of smell can sniff out nearby items.
Your experience applies equally to all skills.


Message History

The goblin closely misses you. The goblin hits you but does no damage.
You hit the goblin. You burn the goblin.
The goblin is heavily wounded.
The hobgoblin hits you. The goblin barely misses you.
The goblin hits you with a +0 club.
The hobgoblin hits you but does no damage.
The goblin hits you with a +2 dagger of speed!
You barely miss the goblin.
The goblin is heavily wounded.
The goblin hits you but does no damage. The goblin hits you with a +0 club.
You hit the goblin. You burn the goblin.
You kill the goblin!
The hobgoblin hits you.
The goblin hits you but does no damage. x2
The hobgoblin hits you but does no damage.
You miss the goblin. Your bite misses the goblin.
The hobgoblin barely misses you.
The goblin hits you but does no damage. x2
Robin throws the goblin at you!
You barely miss the goblin.
The hobgoblin hits you but does no damage.
The goblin hits you but does no damage. The goblin barely misses you.
The goblin hits you with a +0 club.
You hit the goblin but do no damage. You bite the goblin.
The goblin is heavily wounded.
The hobgoblin hits you. The goblin hits you but does no damage.
The hobgoblin hits you.
* * * LOW HITPOINT WARNING * * *
The goblin hits you with a +2 dagger of speed.
* * * LOW HITPOINT WARNING * * *
Okay, then.
You slash the goblin! You burn the goblin.
You kill the goblin!
The goblin hits you but does no damage. The hobgoblin hits you.
* * * LOW HITPOINT WARNING * * *
The goblin hits you with a +2 dagger of speed.
* * * LOW HITPOINT WARNING * * *
Okay, then.
You hit the goblin. You burn the goblin.
You kill the goblin!
The hobgoblin hits you.
You die...

...........>####
##.# #
####.##.#...... # #
#..##.####### #
###.###.# #
#.#####.......# #
..:..g........# #
.......#.....g# #
.....g.#....gg# #
..##.########@######
# #∆gg. #)g....# #
g#. ######.# # g # #
# # #
###############
#..............


You could see Robin, a hobgoblin (fast, strong) and 2 goblins.

Vanquished Creatures
  Jessica (D:2)
  An iguana (D:4)
  3 adders
  7 ball pythons
  6 endoplasms
  3 giant cockroaches
  10 goblins
  8 hobgoblins
  3 jackals (D:3)
  A quokka (D:1)
  3 bats
  2 frilled lizards (D:1)
  3 kobolds
  2 rats (D:1)
53 creatures vanquished.

Notes
Turn   | Place    | Note
-------+----------+-------------------------------------------
     0 | D:1      | gothro the Gnoll Cinder Acolyte began the quest for the
                  | Orb.
     0 | D:1      | Reached XP level 1. HP: 23/23 MP: 4/4
   345 | D:1      | Reached XP level 2. HP: 29/29 MP: 5/5
  1106 | D:2      | Noticed Jessica
  1109 | D:2      | Killed Jessica
  1110 | D:2      | Reached skill level 1 in Short Blades
  1110 | D:2      | Reached skill level 1 in Axes
  1110 | D:2      | Reached skill level 1 in Maces & Flails
  1110 | D:2      | Reached skill level 1 in Polearms
  1110 | D:2      | Reached skill level 1 in Staves
  1110 | D:2      | Reached skill level 1 in Ranged Weapons
  1110 | D:2      | Reached skill level 1 in Throwing
  1110 | D:2      | Reached skill level 1 in Armour
  1110 | D:2      | Reached skill level 1 in Dodging
  1110 | D:2      | Reached skill level 1 in Stealth
  1110 | D:2      | Reached skill level 1 in Shields
  1110 | D:2      | Reached skill level 1 in Unarmed Combat
  1110 | D:2      | Reached skill level 1 in Invocations
  1110 | D:2      | Reached skill level 1 in Evocations
  1110 | D:2      | Reached XP level 3. HP: 32/35 MP: 7/7
  1484 | D:2      | Reached XP level 4. HP: 41/41 MP: 8/8
  1673 | D:3      | Found a burning altar of Makhleb.
  1774 | D:3      | Reached skill level 1 in Conjurations
  1774 | D:3      | Reached skill level 1 in Hexes
  1774 | D:3      | Reached skill level 1 in Summonings
  1774 | D:3      | Reached skill level 1 in Necromancy
  1774 | D:3      | Reached skill level 1 in Translocations
  1774 | D:3      | Reached skill level 1 in Transmutations
  1774 | D:3      | Reached skill level 1 in Ice Magic
  1774 | D:3      | Reached skill level 1 in Air Magic
  1774 | D:3      | Reached skill level 1 in Earth Magic
  1774 | D:3      | Reached skill level 1 in Poison Magic
  2020 | D:3      | Found a sacrificial altar of Ru.
  2801 | D:2      | You fall into a shaft and drop 1 floor!
  3029 | D:4      | Reached XP level 5. HP: 35/47 MP: 9/9
  3167 | D:4      | Noticed Robin
  3194 | D:4      | Slain by a hobgoblin

Illustrated notes

Levels and vault maps discovered:
D:1:      dpeg_arrival_central, layout_loops_ring, minmay_misc_feat_rows
D:2:      layout_basic, serial_shops, shop, uniq_jessica
D:3:      layout_basic, lemuel_round_altar, mainiacjoe_overflow_small_starburst
D:4:      layout_basic, kennysheep_donut, uniq_natasha, uniq_eustachio,
          uniq_menkaure, uniq_robin

Skill      XL: |  1  2  3  4 |
---------------+-------------+-----
Short Blades   | 1 |  1.4
Axes           | 1 |  1.4
Maces & Flails | 1 |  1.4
Polearms       | 1 |  1.4
Staves         | 1 |  1.4
Ranged Weapons | 1 |  1.4
Throwing       | 1 |  1.4
Armour         | 1 |  1.4
Dodging        | 1 |  1.4
Stealth        | 1 |  1.4
Shields        | 1 |  1.4
Unarmed Combat | 1 |  1.4
Invocations    | 1 |  1.6
Evocations     | 1 |  1.4
Spellcasting   | 3 |  3.1
Conjurations   | 1 |  1.1
Hexes          | 1 |  1.1
Summonings     | 1 |  1.1
Necromancy     | 1 |  1.1
Translocations | 1 |  1.1
Transmutations | 1 |  1.1
Ice Magic      | 1 |  1.1
Air Magic      | 1 |  1.1
Earth Magic    | 1 |  1.1
Poison Magic   | 1 |  1.1
Fighting       | |  6.7
Long Blades    | |  6.7
Fire Magic     | |  5.5

Action                     |  1- 3 |  4- 6 || total
---------------------------+-------+-------++-------
  Melee: Falchion          |    97 |    92 ||   189
         Bite              |     2 |     6 ||     8
         Punch             |     2 |     1 ||     3
 Armour: Robe              |     9 |       ||     9
         Ring mail         |    20 |    19 ||    39
         Chain mail        |       |    39 ||    39
  Dodge: Dodged            |    68 |    47 ||   115
